Map: Lightshade LE

Players

pezzaperry (Pezz) - Winner!

  • Race: Protoss Protoss
  • League: Grandmaster
  • Spawn Location: 5:00

RazerBlader

  • Race: Terran Terran
  • League: Master
  • Spawn Location: 11:00

Event: DreamHack SC2 Masters 2020 Winter

VOD

Have the link to the VOD?

Description

Time

  • Played on: Oct. 10, 2020, 8:54 p.m.
  • Length: 7:14

All games in this series

Show
View Real Time Build Order
Export as new Build Order

pezzaperry Protoss - Winner!

Build Orders: 1 Gate Expand, Oracle Opening 

Get SALT Encoding   

  12  0:00  Probe  
  13  0:12  Probe  
  14  0:16  Pylon  
  14  0:24  Probe (Chrono Boost)  
  15  0:36  Gateway, Probe (Chrono Boost)  
  16  0:44  Probe (Chrono Boost)  
  16  0:45  Assimilator  
  17  0:51  Probe  
  18  1:03  Probe  
  19  1:15  Probe  
  20  1:22  Nexus  
  20  1:32  Cybernetics Core  
  20  1:36  Probe  
  21  1:41  Assimilator  
  21  1:48  Probe  
  22  1:54  Pylon  
  22  2:00  Probe  
  23  2:11  Adept (Chrono Boost)  
  23  2:12  Probe  
  26  2:22  Stargate  
  26  2:24  Probe  
  26  2:25  Warp Gate  
  27  2:31  Adept (Chrono Boost)  
  27  2:36  Probe (Chrono Boost)  
  30  2:44  Probe (Chrono Boost)  
  31  2:48  Probe (Chrono Boost)  
  32  2:54  Adept  
  32  2:55  Probe x2 (Chrono Boost)  
  36  3:03  Probe, Oracle (Chrono Boost)  
  36  3:04  Probe  
  38  3:09  Pylon  
  41  3:15  Probe  
  41  3:16  Probe  
  43  3:22  Gateway  
  43  3:26  Gateway  
  43  3:30  Oracle (Chrono Boost)  
  43  3:34  Probe  
  47  3:37  Probe  
  48  3:42  Pylon  
  48  3:44  Assimilator  
  48  3:46  Probe  
  49  3:51  Probe  
  50  3:58  Probe  
  50  4:00  Oracle (Chrono Boost)  
  54  4:03  Probe  
  54  4:05  Pylon  
  55  4:10  Probe  
  57  4:18  Pylon  
  57  4:22  Adept x3  
  63  4:27  Twilight Council  
  63  4:29  Probe  
  63  4:38  Pylon  
  63  4:44  Gateway x2, Pylon  
  63  4:47  Gateway  
  63  4:51  Phoenix (Chrono Boost)  
  65  5:06  Charge (Chrono Boost)  
  65  5:11  Phoenix, Probe  
  58  5:25  Probe x2  
  58  5:29  Nexus  
  58  5:30  Pylon  
  58  5:32  Zealot, Sentry  
  58  5:34  Zealot  
  64  5:36  Phoenix  
  66  5:53  Zealot x4  
  74  6:02  Zealot x2  
  78  6:05  Phoenix  
  80  6:15  Pylon  
  80  6:16  Zealot x3  
  80  6:17  Zealot  
  88  6:22  Zealot  
  88  6:25  Pylon  
  90  6:30  Zealot  
  92  6:39  Pylon  
  92  6:43  Zealot x3  
  92  6:45  Zealot  
  100  6:59  Zealot x2  
Show
View Real Time Build Order
Export as new Build Order

RazerBlader Terran 

Build Orders: Reaper Expand 

Get SALT Encoding   

  12  0:00  SCV  
  13  0:12  SCV  
  14  0:17  Supply Depot  
  14  0:25  SCV  
  15  0:39  SCV  
  15  0:40  Barracks  
  16  0:44  Refinery  
  16  0:51  SCV  
  17  1:03  SCV  
  18  1:15  SCV  
  19  1:28  Orbital Command, Reaper  
  20  1:45  Command Center  
  20  1:50  Supply Depot  
  20  1:54  SCV  
  20  2:00  Marine  
  22  2:06  SCV  
  23  2:11  Factory  
  23  2:18  Bunker  
  23  2:20  SCV  
  24  2:24  Barracks Reactor  
  24  2:32  SCV  
  25  2:44  SCV  
  26  2:56  Factory Tech Lab  
  26  2:57  Orbital Command  
  26  2:59  SCV  
  26  3:01  Marine x2  
  29  3:09  Command Center  
  29  3:14  SCV  
  29  3:18  Cyclone  
  33  3:23  SCV, Marine  
  33  3:24  Marine  
  33  3:27  SCV  
  37  3:35  SCV  
  37  3:38  Supply Depot  
  37  3:39  SCV  
  39  3:42  Marine x2  
  39  3:45  Barracks  
  39  3:47  SCV  
  42  3:50  Cyclone  
  42  3:52  SCV  
  46  3:59  Barracks  
  46  4:00  SCV  
  47  4:04  SCV  
  47  4:05  Marine  
  47  4:06  Marine  
  50  4:11  Refinery  
  50  4:12  SCV, Refinery  
  50  4:16  SCV  
  52  4:24  SCV  
  52  4:25  Orbital Command  
  52  4:28  SCV  
  54  4:36  SCV  
  55  4:40  SCV, Engineering Bay x2  
  55  4:41  Marauder, Stimpack  
  55  4:42  Marine x2  
  60  4:47  Barracks Tech Lab  
  60  4:48  Supply Depot  
  60  4:52  SCV x2  
  62  4:55  SCV, Refinery  
  58  5:13  Marine x3  
  52  5:14  Marauder  
  52  5:17  SCV x2  
  52  5:18  SCV  
  40  5:31  Marine  
  40  5:33  SCV x3  
  44  5:37  Marauder x2  
  44  5:39  Marine  
  49  5:45  SCV x2  
  49  5:46  SCV  
  52  5:53  Marine  
  50  5:57  SCV  
  50  6:01  Marauder  
  54  6:06  Starport, Factory Reactor  
  53  6:11  Marine  
  53  6:13  SCV  
  53  6:15  SCV  
  53  6:16  SCV  
  57  6:25  SCV  
  57  6:27  SCV, Marine  
  57  6:28  SCV, Marauder  
  57  6:30  Concussive Shells  
  57  6:31  Marine  
  64  6:37  SCV  
  64  6:39  SCV  
  66  6:40  SCV  
  66  6:45  Supply Depot  
  67  6:47  Marine  
  67  6:50  SCV  
  67  6:51  SCV  
  67  6:52  SCV  
  71  6:59  Factory Reactor  
  75  7:02  SCV, Supply Depot  
Tags
 
Add a new tag
Caveats
  • Supply blocks, unpowered buildings, or Contaminate may cause inaccurate times.
  • Supply counts are checked every 10 seconds.